 Dungeon Crawl Stone Soup version 0.29.1-1-gd02db69 (webtiles) character file.

Game seed: 1124915349080593806

17830 Kel the Fighter (level 12, -3/121 HPs)
             Began as a Gargoyle Berserker on Nov 27, 2022.
             Was a High Priest of Trog.
             Slain by a red ugly thing (4 damage)
             ... on level 15 of the Dungeon.
             The game lasted 00:22:43 (15511 turns).

Kel the Fighter (Gargoyle Berserker)               Turns: 15511, Time: 00:22:44

Health: -3/121     AC: 22    Str: 32    XL:     12   Next: 52%
Magic:  0/12       EV: 11    Int:  8    God:    Trog [*****.]
Gold:   711        SH:  0    Dex:  9    Spells: 11/11 levels left

rFire   . . .      SeeInvis +   F - +2 hand axe (flame)
rCold   . . .      Faith    .   v - orb {guile}
rNeg    + . .      Spirit   +   U - +0 plate armour
rPois   ∞          Reflect  .   V - +1 helmet
rElec   +          Harm     .   z - +1 cloak
rCorr   .          Rampage  .   (no gloves)
Will    .....                   q - +0 pair of boots
Stlth   ..........              u - amulet of guardian spirit
HPRegen 0.30/turn               Q - +6 ring of strength
MPRegen 0.13/turn               l - ring of see invisible

@: berserking (expiring), corroded, very quick
A: sickness immunity, AC +8, negative energy resistance 1, electricity
resistance, torment resistance 1, petrification resistance
a: Renounce Religion, Berserk, Trog's Hand, Brothers in Arms


You were on level 15 of the Dungeon.
You worshipped Trog.
Trog was extremely pleased with you.
You visited 1 branch of the dungeon, and saw 13 of its levels.
You also visited: Ossuary.

You collected 711 gold pieces.

Inventory:

Hand Weapons
 F - a +2 hand axe of flaming (weapon)
Armour
 q - a +0 pair of boots (worn)
 v - an orb of guile (worn)
 z - a +1 cloak (worn)
 U - a +0 plate armour (worn)
 V - a +1 helmet (worn)
Jewellery
 l - a ring of see invisible (right hand)
 u - an amulet of guardian spirit (around neck)
 Q - a +6 ring of strength (left hand)
Wands
 c - a wand of paralysis (8)
 s - a wand of flame (28)
 y - a wand of roots (7)
 B - a wand of mindburst (16)
 D - a wand of acid (6)
 E - a wand of digging (5)
 J - a wand of polymorph (16)
Scrolls
 a - 2 scrolls of brand weapon {unknown}
 d - 10 scrolls of identify {unknown}
 e - 5 scrolls of amnesia {unknown}
 f - 2 scrolls of noise {unknown}
 g - a scroll of butterflies {unknown}
 j - 2 scrolls of immolation {unknown}
 n - a scroll of enchant weapon {unknown}
 o - 3 scrolls of magic mapping {unknown}
 x - 6 scrolls of teleportation {unknown}
 A - 2 scrolls of fear {unknown}
 G - a scroll of acquirement {unknown}
 H - a scroll of enchant armour {unknown}
 I - 3 scrolls of poison {unknown}
 K - 2 scrolls of silence {unknown}
 L - 3 scrolls of vulnerability {unknown}
 N - a scroll of torment {unknown}
 T - 2 scrolls of blinking {unknown}
Potions
 b - 2 potions of brilliance {unknown}
 h - 3 potions of attraction {unknown}
 i - 9 potions of curing {unknown}
 k - 5 potions of haste {unknown}
 m - 4 potions of might {unknown}
 p - 2 potions of lignification {unknown}
 r - 4 potions of heal wounds {unknown}
 t - 3 potions of berserk rage {unknown}
 w - 3 potions of degeneration {unknown}
 C - 3 potions of magic {unknown}
 M - 2 potions of mutation {unknown}
 O - 3 potions of flight {unknown}
 P - 2 potions of invisibility {unknown}
 S - a potion of resistance {unknown}
Miscellaneous
 R - a condenser vane


   Skills:
 * Level 12.3 Fighting
 + Level 7.7 Axes
 * Level 12.1 Armour
 * Level 9.3 Dodging


You had 11 spell levels left.
You didn't know any spells.
Your spell library was empty.

Dungeon Overview and Level Annotations

Branches:
Dungeon (12/15)            Temple (0/1) D:6            Lair (0/5) D:10
    Orc (0/2) D:12        Ossuary (visited)

Altars:
Cheibriados
Gozag
Hepliaklqana
Makhleb
Nemelex Xobeh
Qazlal
Ru
Vehumet
Yredelemnul
Zin
The Shining One

Shops:
D:6 (

Portals:
Trove: D:11 (give 8 scrolls of butterflies)


Innate Abilities, Weirdness & Mutations

You are immune to sickness and miasma.
Your stone body is resilient. (AC +8)
You are immune to poison.
You resist negative energy. (rN+)
You are resistant to electric shocks. (rElec)
You are resistant to unholy torment.
You are immune to petrification.


Message History

You hit the brown ugly thing. You burn the brown ugly thing.
The brown ugly thing is almost dead.
You hit the red ugly thing but do no damage.
The brown ugly thing tail-slaps you.
You are splashed with acid!
You completely miss the brown ugly thing.
The brown ugly thing is almost dead.
You hit the red ugly thing. You hit the cyclops. You burn the cyclops.
The red ugly thing misses you.
You barely miss the red ugly thing.
The red ugly thing is lightly wounded.
You hit the cyclops but do no damage. You barely miss the brown ugly thing.
The brown ugly thing basks in the mutagenic energy from its kin and changes!
The cyclops hits you!
* * * LOW HITPOINT WARNING * * *
The red ugly thing gores you but does no damage.
You barely miss the red ugly thing.
The red ugly thing is lightly wounded.
You hit the cyclops. You burn the cyclops. You hit the red ugly thing.
You feel the power of Trog in you as your rage grows.
You kill the red ugly thing!
Trog accepts your kill.
You hit the red ugly thing. You burn the red ugly thing.
The red ugly thing is lightly wounded.
You slash the cyclops! You burn the cyclops.
The red ugly thing barely misses you. The cyclops closely misses you.
You hit the red ugly thing. You burn the red ugly thing.
The red ugly thing is moderately wounded.
You hit the cyclops. You burn the cyclops. You slash the red ugly thing!
You burn the red ugly thing.
The red ugly thing is heavily wounded.
You slash the cyclops! You burn the cyclops. The red ugly thing gores you.
* * * LOW HITPOINT WARNING * * *
You are engulfed in flames!!
* * * LOW HITPOINT WARNING * * *
You slash the red ugly thing! You burn the red ugly thing.
The red ugly thing is heavily wounded.
You hit the cyclops. You burn the cyclops. The cyclops hits you!
* * * LOW HITPOINT WARNING * * *
The red ugly thing gores you.
You die...

... ###.. #....
.... ##.#..
..?... ##.....
...... $......
#.....#
##....C###......#
#.....†@........
#.....u......##..
#...!..........#
.............#..
##############


You could see a red ugly thing and a cyclops.

Vanquished Creatures
  2 hydras
  A boulder beetle (D:11)
  4 two-headed ogres
  The ghost of Refli the Gusty, a novice DrCj of Vehumet (D:7)
  6 ugly things
  Pikel (D:5)
  2 gargoyles
  Maggie (D:7)
  Psyche (D:10)
  A troll (D:10)
  A hornet (D:9)
  2 vampires (D:10)
  4 wraiths
  A shadow (D:9)
  13 yaks
  Eustachio (D:5)
  8 vampire mosquitoes
  A basilisk (D:12)
  Menkaure (D:5)
  Edmund (D:4)
  3 acid dragons (D:11)
  2 water moccasins
  2 sky beasts
  2 orc warriors
  2 black bears (D:8)
  3 centaurs
  2 phantoms (D:5)
  5 kobold brigands
  5 bullfrogs
  6 necrophages
  2 gnoll sergeants (D:9)
  8 wights
  3 electric eels (D:10)
  6 howler monkeys
  5 hounds (D:10)
  Crazy Yiuf (D:3)
  2 jellies
  4 orc priests
  A gnoll bouda (D:7)
  Ijyb (D:3)
  An iguana (D:5)
  11 orc wizards
  A statue (D:5)
  4 mummies
  6 gnolls
  9 adders
  A shadow imp (D:7)
  A worm (D:2)
  33 orcs
  4 ball pythons
  11 bats
  7 endoplasms
  6 giant cockroaches
  6 goblins
  8 hobgoblins
  9 quokkas
  3 frilled lizards
  5 goblin zombies (Ossuary)
  3 hobgoblin zombies (Ossuary)
  29 kobolds
  2 kobold zombies (Ossuary)
  6 rats
284 creatures vanquished.

Vanquished Creatures (others)
  A yak (D:10)
1 creature vanquished.

Grand Total: 285 creatures vanquished

Notes
Turn   | Place    | Note
-------+----------+-------------------------------------------
     0 | D:1      | Kel the Gargoyle Berserker began the quest for the Orb.
     0 | D:1      | Reached XP level 1. HP: 14/14 MP: 1/1
   109 | D:1      | Reached XP level 2. HP: 14/19 MP: 2/2
   740 | D:1      | Reached XP level 3. HP: 23/23 MP: 3/3
  1214 | D:1      | Reached ** piety under Trog
  1613 | D:2      | Found a snail-covered altar of Cheibriados.
  1775 | D:2      | Reached XP level 4. HP: 21/29 MP: 4/4
  2228 | D:3      | Noticed Ijyb
  2251 | D:3      | Killed Ijyb
  2473 | D:3      | Reached XP level 5. HP: 29/33 MP: 5/5
  3076 | D:3      | Found a runed translucent door.
  3077 | D:3      | Noticed Crazy Yiuf
  3140 | D:3      | Found a glowing silver altar of Zin.
  3210 | D:3      | Killed Crazy Yiuf
  3211 | D:3      | Reached XP level 6. HP: 39/39 MP: 6/6
  3359 | D:4      | Reached skill level 5 in Fighting
  3364 | D:4      | Reached XP level 7. HP: 11/44 MP: 0/7
  3723 | D:4      | Noticed Edmund
  3744 | D:4      | Killed Edmund
  3745 | D:4      | Reached skill level 5 in Armour
  4321 | D:5      | Entered Level 5 of the Dungeon
  4378 | D:5      | Found a radiant altar of Vehumet.
  4686 | D:5      | Reached XP level 8. HP: 47/51 MP: 6/8
  4714 | D:5      | Noticed Menkaure
  4722 | D:5      | Killed Menkaure
  4725 | D:5      | Reached *** piety under Trog
  4726 | D:5      | Noticed Pikel
  4743 | D:5      | Killed Pikel
  5350 | D:5      | Noticed Eustachio
  5362 | D:5      | Killed Eustachio
  5591 | D:6      | Reached skill level 5 in Dodging
  5629 | D:6      | Reached XP level 9. HP: 43/57 MP: 6/9
  6233 | D:6      | Found a staircase to the Ecumenical Temple.
  6280 | D:6      | Found Hompisy's Weapon Shop.
  6353 | D:7      | Found a basalt altar of Yredelemnul.
  6357 | D:7      | Found a runed translucent door.
  6357 | D:7      | Noticed Refli's ghost (novice DrCj)
  6390 | D:7      | Reached skill level 5 in Axes
  6489 | D:7      | Identified the +1 scale mail "Duetidgh" {rCorr Dex+4}
  6615 | D:7      | Noticed Maggie
  6632 | D:7      | Killed Maggie
  6792 | D:7      | Identified the +0 flail of Coseharr {venom, Str+3}
  7023 | D:7      | Killed Refli's ghost
  7023 | D:7      | Reached **** piety under Trog
  7024 | D:7      | Reached XP level 10. HP: 65/65 MP: 10/10
  7324 | D:7      | Found a hazy altar of Hepliaklqana.
  7471 | D:8      | Found a sand-covered staircase.
  7483 | Ossuary  | Entered an ossuary
  8190 | D:8      | Found a stormy altar of Qazlal.
  8497 | D:8      | Found a glowing golden altar of the Shining One.
  8908 | D:9      | Noticed a two-headed ogre
  8929 | D:9      | Killed a two-headed ogre
  9446 | D:9      | Found a burning altar of Makhleb.
  9461 | D:9      | Reached ***** piety under Trog
  9462 | D:9      | Reached skill level 10 in Fighting
  9643 | D:9      | Noticed a two-headed ogre
  9650 | D:9      | Killed a two-headed ogre
  9651 | D:9      | Reached skill level 10 in Armour
  9651 | D:9      | Reached XP level 11. HP: 56/72 MP: 4/11
  9936 | D:9      | Found an opulent altar of Gozag.
  9936 | D:9      | Found a sparkling altar of Nemelex Xobeh.
 10005 | D:9      | Noticed a five-headed hydra
 10015 | D:9      | Killed a one-headed hydra
 10369 | D:10     | Entered Level 10 of the Dungeon
 10387 | D:10     | Identified the +2 robe of the Hills {Stlth+}
 10403 | D:10     | Noticed Psyche
 10443 | D:10     | Killed Psyche
 10697 | D:10     | Identified the +11 scimitar of Wariness {antimagic, rPois
                  | rF- Int+8 Dex-2}
 11112 | D:10     | Found a staircase to the Lair.
 11947 | D:10     | Found a sacrificial altar of Ru.
 12281 | D:11     | Noticed a two-headed ogre
 12294 | D:11     | Killed a two-headed ogre
 12444 | D:11     | Noticed a boulder beetle
 12489 | D:11     | Killed a boulder beetle
 13200 | D:11     | Noticed a six-headed hydra
 13213 | D:11     | Killed a one-headed hydra
 13342 | D:11     | Noticed a cyan ugly thing
 13371 | D:11     | Killed a cyan ugly thing
 13372 | D:11     | Reached XP level 12. HP: 54/80 MP: 9/12
 13585 | D:11     | Found a portal to a secret trove of treasure.
 14130 | D:12     | Noticed a two-headed ogre
 14309 | D:11     | Killed a two-headed ogre
 14830 | D:12     | Found a staircase to the Orcish Mines.
 15469 | D:12     | You fall into a shaft and drop 3 floors!
 15469 | D:15     | Entered Level 15 of the Dungeon
 15511 | D:15     | HP: 1/121 [cyclops (10)]
 15511 | D:15     | Slain by a red ugly thing

Illustrated notes

Levels and vault maps discovered:
D:1:      lightli_arrival_maybe_door_vault, layout_basic, minmay_misc_feat_doors
D:2:      layout_basic, basic_altar
D:3:      layout_loops_ring, lemuel_round_altar,
          minmay_randomly_rotated_circles, uniq_ijyb, uniq_crazy_yiuf_cottage
D:4:      layout_rooms, minmay_fountain_box, kennysheep_generic_room_7,
          uniq_edmund
D:5:      layout_basic, vehumet_statue, uniq_pikel, uniq_eustachio,
          uniq_menkaure
D:6:      layout_loops_ring, minmay_temple_entry_poolview, serial_shops, shop,
          minmay_stone_trees_small
D:7:      layout_cave_pods, yredelemnul_altar_generic,
          worldfamousw_hep_ancestral_shrine, hellmonk_ghost_happy_afterlife,
          uniq_maggie
D:8:      layout_cave_pods, mainiacjoe_overflow_small_starburst,
          lemuel_round_altar, gup_ossuary_entry_pyramid,
          ebering_dispersal_statue_hall
D:9:      layout_irregular_city, bloody_makhleb, grunt_temple_overflow_opulence,
          minmay_diced_spiral
D:10:     layout_loops_ring, nicolae_ru_path_of_blood, erik_lair_island,
          uniq_psyche
D:11:     layout_roguey, nicolae_trove_entry_crystal, serial_aquarium,
          aquarium_bridge_square [aquarium_subvault_bridge,
          aquarium_subvault_bridge, aquarium_subvault_window,
          aquarium_subvault_wall], aquarium_window_2, aquarium_window_fake,
          aquarium_window_1, aquarium_window_2, aquarium_view_2e,
          aquarium_pool_corner, billiards_dpeg
D:12:     layout_stronghold, orc_0_dummy
D:15:     gammafunk_depths_entry_grave, layout_basic,
          pdpol_wu_jian_five_deadly_venoms, serial_shops, shop,
          minmay_parallelograms, chequers_avenue

Skill      XL: |  1  2  3  4  5  6  7  8  9 10 11 12 |
---------------+-------------------------------------+-----
Dodging        | 2 3 4 5 6 7 8 9 |  9.3
Armour         | 3 4 5 6 8 10 11 12 | 12.1
Axes           | 3 4 5 6 7 |  7.7
Fighting       | 4 5 6 7 8 10 11 12 | 12.3

Action                   |  1- 3 |  4- 6 |  7- 9 | 10-12 || total
-------------------------+-------+-------+-------+-------++-------
Melee: Hand axe          |   101 |   158 |   357 |   713 ||  1329
       Unarmed           |       |       |    14 |       ||    14
Invok: Berserk           |     1 |     3 |     5 |     8 ||    17
 Stab: Sleeping          |     1 |       |       |       ||     1
Armor: Animal skin       |    30 |     7 |       |       ||    37
       Leather armour    |       |    44 |       |       ||    44
       Ring mail         |       |    23 |     5 |       ||    28
       Chain mail        |       |       |   226 |   475 ||   701
       Skin              |       |       |     7 |       ||     7
       Plate armour      |       |       |       |    56 ||    56
Dodge: Dodged            |    84 |   118 |   170 |   406 ||   778
